AoeStats
← Dsaidm

Baltic

510825500Analyzed
4v4 RM · 19h ago on Oct 2, 2026· 71m 49s· 8 players
Game mode
Random Map
Map size
Large (8 player)
Population
200
Speed
Normal
Resources
Standard
Victory
Conquest
Starting age
Dark Age
Ending age
Imperial Age
RankedLock teamsTeams togetherTeam positionsShared explorationLock speedFull tech treeHidden civsTurbo modeCheats
Victory
Defeat
🇩🇪 Persians · Germany
968
+15
🇩🇪 Bulgarians · Germany
957
+16
🇩🇪 Cumans · Germany
830
+23
🇩🇪 Teutons · Germany
809
+22
🇨🇱 Magyars · Chile
956
-19
🇦🇷 Hindustanis · Argentina
947
-19
🇩🇪 Franks · Germany
933
-18
🇦🇷 Vietnamese · Argentina
928
-18
Dsaidm
11:26 Feudal Age
17:29 Castle Age
15:50 Double-Bit Axe
16:57 Horse Collar
18:46 Bow Saw
18:47 Heavy Plow
19:24 Loom
21:27 Wheelbarrow
33:25 Corvinian Army
34:29 Fletching
34:40 Padded Archer Armor
34:45 Scale Barding Armor
35:03 Ballistics
34:54 Masonry
34:54 Gold Mining
34:55 Stone Mining
36:02 Bodkin Arrow
36:22 Leather Archer Armor
37:18 Caravan
38:01 Chain Barding Armor
41:06 Imperial Age
39:27 Bloodlines
39:17 Husbandry
41:15 Elite Magyar Huszar
41:55 Recurve Bow
42:34 Plate Barding Armor
42:00 Bracer
42:31 Ring Archer Armor
43:03 Chemistry
41:30 Pikeman
46:42 Thumb Ring
47:00 Heavy Cavalry Archer
50:09 Halberdier
54:08 Parthian Tactics
卫士之下我无敌
14:02 Feudal Age
15:01 Horse Collar
15:10 Double-Bit Axe
15:49 Loom
20:11 Castle Age
20:29 Gold Mining
20:50 Padded Archer Armor
21:10 Thumb Ring
20:40 Crossbowman
21:37 Fletching
23:33 Bow Saw
23:49 Heavy Plow
37:15 Bodkin Arrow
37:35 Leather Archer Armor
38:40 Ballistics
39:03 Wheelbarrow
41:14 Imperial Age
BLONDYN
0:42 Loom
11:48 Feudal Age
12:44 Double-Bit Axe
15:04 Gold Mining
17:24 Stone Mining
20:37 Castle Age
21:34 Bow Saw
22:26 Gold Shaft Mining
23:25 Wheelbarrow
24:27 Caravan
25:30 Hand Cart
26:41 Forging
26:44 Husbandry
26:52 Squires
27:17 Ordonnance Companies
27:41 Pikeman
32:04 Iron Casting
31:27 Murder Holes
31:12 Treadmill Crane
35:52 Imperial Age
33:44 Ballistics
33:29 Town Watch
34:12 Scale Barding Armor
33:57 Fletching
34:08 Scale Mail Armor
36:38 Chivalry
37:44 Conscription
36:57 Cavalier
38:50 Town Patrol
39:31 Arson
39:33 Halberdier
41:17 Blast Furnace
42:43 Chain Mail Armor
42:48 Chain Barding Armor
41:58 Elite Throwing Axeman
43:17 Bodkin Arrow
45:52 Hoardings
44:43 Paladin
48:55 Plate Barding Armor
48:50 Plate Mail Armor
48:32 Masonry
Luce
10:36 Feudal Age
20:06 Castle Age
19:47 Double-Bit Axe
19:44 Horse Collar
22:36 Gold Mining
22:36 Stone Mining
24:51 Bow Saw
29:52 Imperial Age
27:58 Wheelbarrow
27:37 Scale Barding Armor
27:47 Forging
29:59 Hand Cart
29:32 Loom
32:23 Chemistry
34:07 Gold Shaft Mining
34:07 Stone Shaft Mining
35:27 Heavy Camel Rider
37:25 Heavy Camel Rider
38:08 Husbandry
38:18 Bloodlines
38:46 Chain Barding Armor
39:02 Iron Casting
39:40 Heavy Plow
41:04 Two-Man Saw
41:54 Caravan
42:24 Coinage
42:33 Plate Barding Armor
43:05 Blast Furnace
42:53 Imperial Camel Rider
Eimer
13:21 Feudal Age
14:01 Double-Bit Axe
14:01 Horse Collar
25:17 Castle Age
25:56 Loom
26:47 Wheelbarrow
31:26 Imperial Age
30:13 Bloodlines
29:24 Light Cavalry
31:44 Bow Saw
31:38 Heavy Plow
31:54 Scale Barding Armor
32:00 Forging
31:46 Hussar
33:31 Caravan
35:34 Crop Rotation
36:09 Two-Man Saw
35:40 Cavalier
36:43 Chain Barding Armor
37:00 Iron Casting
37:43 Hand Cart
38:11 Coinage
38:54 Plate Barding Armor
40:10 Blast Furnace
39:49 Banking
40:58 Paladin
oToemsn
11:22 Feudal Age
16:07 Castle Age
14:56 Double-Bit Axe
15:25 Horse Collar
24:19 Loom
32:50 Wheelbarrow
35:56 Imperial Age
34:08 Fletching
34:26 Scale Barding Armor
34:31 Forging
34:23 Heavy Plow
34:39 Bow Saw
35:38 Gold Mining
35:39 Stone Mining
37:12 Crop Rotation
36:59 Hand Cart
36:30 Town Watch
37:47 Two-Man Saw
38:01 Chemistry
37:43 Iron Casting
37:29 Chain Barding Armor
39:00 Plate Barding Armor
39:26 Blast Furnace
38:34 Murder Holes
39:02 Conscription
39:51 Scale Mail Armor
39:14 Heavy Camel Rider
39:16 Cavalier
39:58 Husbandry
40:14 Bloodlines
41:05 Gold Shaft Mining
41:06 Stone Shaft Mining
41:41 Caravan
42:24 Fletching
42:36 Padded Archer Armor
42:58 Ballistics
42:48 Savar
43:58 Elite War Elephant
48:05 Citadels
48:42 Coinage
48:22 Guilds
58:27 Banking
61:28 Bodkin Arrow
61:48 Leather Archer Armor
64:45 Ring Archer Armor
64:38 Chain Mail Armor
BUSTO
7:58 Loom
12:22 Feudal Age
16:29 Castle Age
15:13 Double-Bit Axe
15:11 Horse Collar
17:53 Bow Saw
23:22 Wheelbarrow
25:27 Forging
25:23 Scale Barding Armor
26:03 Hand Cart
30:27 Imperial Age
28:31 Bloodlines
28:22 Husbandry
29:47 Heavy Plow
30:25 Iron Casting
30:10 Chain Barding Armor
30:07 Gold Mining
30:29 Capped Ram
32:17 Gold Shaft Mining
31:25 Siege Ram
33:15 Plate Barding Armor
33:40 Blast Furnace
33:26 Gambesons
33:46 Scale Mail Armor
33:51 Elite Konnik
38:45 Chain Mail Armor
42:30 Bagains
42:51 Conscription
42:29 Stirrups
47:45 Crop Rotation
52:52 Squires
60:54 Plate Mail Armor
63:37 Caravan
Promilipp
11:03 Feudal Age
12:38 Wheelbarrow
19:27 Castle Age
18:13 Horse Collar
21:53 Hand Cart
25:42 Double-Bit Axe
29:16 Imperial Age
27:32 Ballistics
28:59 Heavy Plow
29:24 Bow Saw
29:12 Stone Mining
32:41 Chemistry
35:57 Scale Barding Armor
36:05 Forging
38:47 Crop Rotation
40:02 Cavalier
42:12 Paladin
43:38 Chain Barding Armor
44:03 Bloodlines
44:45 Heated Shot
45:10 Masonry
45:09 Siege Engineers
49:19 Iron Casting
50:09 Plate Barding Armor
59:01 Caravan
62:21 Two-Man Saw
67:43 Blast Furnace
Connection lost

Rejoining the realm…

Still unreachable

The connection could not be restored.

Session expired

The server has moved on; the page needs a fresh start.